 Dungeon Crawl Stone Soup version 0.28-a0-476-g0f06bd746f (webtiles) character file.

Game seed: 5557498877692322135

4659 funkygono the Thaumaturge (level 10, -3/61 HPs)
             Began as a Djinni Fire Elementalist on Sept 16, 2021.
             Was an Initiate of Ashenzari.
             Killed by divine providence
             ... invoked by an orc priest
              (14 damage)
             ... on level 8 of the Dungeon on Sept 17, 2021.
             The game lasted 00:19:40 (8661 turns).

funkygono the Thaumaturge (DjFE)                    Turns: 8661, Time: 00:19:41

Health: -3/61      AC: 11    Str:  7    XL:     10   Next: 71%
Gold:   431        EV: 15    Int: 24    God:    Ashenzari [......] SH:  5 Dex: 13

rFire   + + .      SeeInvis .   y - +4 long sword
rCold   . . .      Faith    .   (no shield)
rNeg    . . .      Spirit   .   s - +4 ring mail of the Peculiar Tables {Int+3}
rPois   ∞          Reflect  +   (no helmet)
rElec   .          Harm     .   u - +1 cloak
rCorr   .          Rampage  .   (no gloves)
Will    +....                   (boots unavailable)
Stlth   +.........              g - amulet of reflection
HPRegen 0.20/turn               j - ring of protection from cold
MPRegen 0.00/turn               B - +4 ring of evasion

@: flying
A: sickness immunity, fire resistance 2, cold vulnerability 1, float, innate
caster, hp casting, extra vitality 1
a: Renounce Religion, Curse Item


You were on level 8 of the Dungeon.
You worshipped Ashenzari.
Ashenzari was noncommittal.
You visited 2 branches of the dungeon, and saw 9 of its levels.

You collected 431 gold pieces.

Inventory:

Hand Weapons
 e - a +1 falchion
 l - a +2 spectral club
 t - a +3 quarterstaff of chaos
 y - a +4 long sword (weapon)
Missiles
 r - a throwing net
Armour
 a - a +1 robe
 m - a +2 robe of willpower
 s - the +4 ring mail of the Peculiar Tables (worn) {Int+3}
   (You found it on level 5 of the Dungeon)

   Int:       It affects your intelligence (+3).
 u - a +1 cloak (worn)
 x - a +0 troll leather armour
 A - a scarf of repulsion
 E - +0 swamp dragon scales
Jewellery
 g - an amulet of reflection (around neck)
 j - a ring of protection from cold (left hand)
 z - a ring of see invisible
 B - a +4 ring of evasion (right hand)
Wands
 h - a wand of flame (31)
 i - a wand of mindburst (9)
 n - a wand of polymorph (17)
 D - a wand of iceblast (9)
Scrolls
 c - a scroll of holy word
 d - 2 scrolls of vulnerability
 o - a scroll of fog
 q - 5 scrolls of teleportation
 v - 2 scrolls of blinking
Potions
 b - a potion of lignification
 f - 3 potions of curing
 k - a potion of mutation
 p - 2 potions of haste
 w - a potion of brilliance


   Skills:
 + Level 0.9 Fighting
 + Level 0.7 Long Blades
 + Level 2.4 Armour
 + Level 4.6 Dodging
 - Level 1.6 Stealth
 + Level 2.2 Shields
 + Level 10.9 Spellcasting


You had 8 spell levels left.
You knew the following spells:

 Your Spells              Type           Power      Damage    Failure   Level
a - Foxfire               Conj/Fire      100%       2x1d9     1%          1
b - Scorch                Fire           100%       2d10      1%          2
c - Conjure Flame         Conj/Fire      60%        6-21      1%          3
d - Inner Flame           Hex/Fire       60%        N/A       1%          3
e - Flame Wave            Conj/Fire      60%        3d11      1%          4
f - Magic Dart            Conj           100%       1d8       1%          1
g - Static Discharge      Conj/Air       60%        N/A       1%          2
h - Mephitic Cloud        Conj/Pois/Air  60%        N/A       1%          3
i - Confusing Touch       Hex            60%        N/A       1%          3
Your spell library was empty.

Dungeon Overview and Level Annotations

Branches:
Dungeon (8/15)             Temple (1/1) D:7
   Lair: D:8-11

Altars:
Ashenzari
Dithmenos
Elyvilon
Fedhas
Gozag
Kikubaaqudgha
Okawaru
Qazlal
Ru
Sif Muna
Uskayaw
Vehumet
Xom
Yredelemnul
Zin
The Shining One

Shops:
D:1 (   D:3 (   D:6 [   D:7 *

Annotations:
D:6 2 transporters, bmj180's ghost, amateur GnWn


Innate Abilities, Weirdness & Mutations

You are immune to sickness and miasma.
You are immune to poison.
Your flesh is very heat resistant. (rF++)
You are vulnerable to cold. (rC-)
You float through the air rather than walking.
You learn spells naturally, not from books.
Your magical power is your life essence.
You have superior vitality. (+4 HP)


Message History

The orc warrior hits you from afar with a +0 trident.
An orc comes into view. It is wielding a +0 dagger of flaming.
An orc comes into view. It is wielding a +0 flail.
The orc shouts!
The ogre is no longer more vulnerable to fire.
An orc comes into view. It is wielding a +0 club.
Casting: Scorch (safe; 1% risk of failure)
Confirm with . or Enter, or press ? or * to list all spells.
Flames lash the ogre.
The ogre is severely wounded.
The ogre's fire resistance burns away.
The ogre barely misses you.
Casting: Scorch (safe; 1% risk of failure)
Confirm with . or Enter, or press ? or * to list all spells.
Flames lash the orc warrior.
The orc warrior is lightly wounded.
The orc warrior's fire resistance burns away.
The orc warrior barely misses you. The ogre misses you.
Unknown command.
Casting: Scorch (safe; 1% risk of failure)
Confirm with . or Enter, or press ? or * to list all spells.
Flames lash the orc priest.
The orc priest is almost dead.
The orc priest's fire resistance burns away.
The orc priest calls upon Beogh to heal the orc warrior.
The orc warrior's wounds heal themselves!
The orc warrior barely misses you. The ogre hits you with a +0 giant club!
The orc warrior is no longer more vulnerable to fire.
The orc priest looks encouraged for a moment.
Casting: Scorch (safe; 1% risk of failure)
Confirm with . or Enter, or press ? or * to list all spells.
Flames lash the ogre.
The ogre is burned terribly!
You kill the ogre!
The orc warrior hits you but does no damage.
Unknown command.
The orc priest calls down the wrath of Beogh upon you.
Beogh smites you!
* * * LOW HITPOINT WARNING * * *
The orc priest invokes the aid of Beogh against you.
Beogh smites you!
You die...

##..###..#####+#. #.......# #..
#..#..?.... #.......# ..
#...#....... .......#
#...+......# #.....#
############......# #.....#
#............)##### #.....#
#............)# +.....#
#.............#
#+#.....#######.@.....>.....###
...o......oo).o.##########....#
...#####...oo.o.#........#....#
...'...#........#........+....#
#..#...#........#........#....#
#......+[.......#........#....#
###....#...........####..#....###
##...###########..###..###+#...
#.....# #..............#.


You could see an orc warrior, an orc priest (combustible) and 4 orcs.

Vanquished Creatures
  Joseph (D:8)
  Maggie (D:7)
  2 trolls
  Grinder (D:3)
  Prince Ribbit (D:5)
  Sigmund (D:2)
  2 steam dragons (D:7)
  Edmund (D:6)
  Duvessa (D:5)
  An orc warrior (D:8)
  A black bear (D:4)
  An ice beast (D:7)
  A sky beast (D:7)
  3 ogres
  A necrophage (D:6)
  2 phantoms (D:5)
  Blork the orc (D:5)
  A bullfrog (D:6)
  A kobold brigand (D:5)
  A gnoll sergeant (D:5)
  3 scorpions
  Dowan (D:5)
  2 water moccasin skeletons
  6 killer bees (D:8)
  3 wights (D:6)
  A bullfrog zombie (D:5)
  Crazy Yiuf (D:5)
  A bullfrog skeleton (D:6)
  An orc priest (D:5)
  A centaur skeleton (D:7)
  2 centaur zombies
  2 hounds
  A jelly (D:6)
  Ijyb (D:5)
  Jessica (D:3)
  An iguana (D:4)
  2 orc wizards (D:5)
  4 gnolls (D:5)
  7 adders
  A shadow imp (D:5)
  A white imp (D:7)
  2 adder skeletons (D:4)
  A worm (D:3)
  6 dart slugs
  22 orcs
  5 ball pythons
  6 endoplasms
  3 giant cockroaches
  10 goblins
  5 hobgoblins
  12 kobolds
  3 quokkas
  5 bats
  6 frilled lizards
  8 rats
162 creatures vanquished.

Vanquished Creatures (others)
  A sky beast (D:7)
  410 foxfires
411 creatures vanquished.

Grand Total: 573 creatures vanquished

Notes
Turn   | Place    | Note
-------+----------+-------------------------------------------
     0 | D:1      | funkygono the Djinni Fire Elementalist began the quest for
                  | the Orb.
     0 | D:1      | Reached XP level 1. HP: 15/15 MP: 0/0
   214 | D:1      | Reached XP level 2. HP: 20/21 MP: 0/0
   476 | D:1      | Reached skill level 3 in Spellcasting
   497 | D:1      | Reached XP level 3. HP: 17/25 MP: 0/0
   497 | D:1      | Learned a level 1 spell: Magic Dart
   860 | D:1      | Found Isucsyfi's Weapon Emporium.
  1453 | D:2      | Found a glowing silver altar of Zin.
  1492 | D:2      | Reached XP level 4. HP: 26/31 MP: 0/0
  1661 | D:2      | Noticed Sigmund
  1670 | D:2      | Killed Sigmund
  1671 | D:2      | Reached skill level 4 in Spellcasting
  1671 | D:2      | Reached XP level 5. HP: 20/35 MP: 0/0
  1671 | D:2      | Learned a level 2 spell: Static Discharge
  1671 | D:2      | Reached XP level 6. HP: 22/40 MP: 0/0
  2517 | D:3      | Reached skill level 5 in Spellcasting
  2540 | D:3      | Found a sacrificial altar of Ru.
  2758 | D:3      | Found a shadowy altar of Dithmenos.
  2827 | D:3      | Found Ymupec's Antique Weapon Shoppe.
  2829 | D:3      | Noticed Jessica
  2838 | D:3      | Killed Jessica
  2978 | D:3      | Noticed Grinder
  2986 | D:3      | Killed Grinder
  2987 | D:3      | Reached XP level 7. HP: 37/45 MP: 0/0
  2987 | D:3      | Learned a level 3 spell: Mephitic Cloud
  3386 | D:4      | Reached skill level 6 in Spellcasting
  3585 | D:4      | Reached XP level 8. HP: 41/50 MP: 0/0
  4084 | D:5      | Entered Level 5 of the Dungeon
  4084 | D:5      | Found an opulent altar of Gozag.
  4153 | D:5      | Noticed Duvessa
  4153 | D:5      | Noticed Dowan
  4163 | D:5      | Killed Duvessa
  4164 | D:5      | Reached skill level 7 in Spellcasting
  4397 | D:5      | Killed Dowan
  4561 | D:5      | Noticed Ijyb
  4568 | D:5      | Killed Ijyb
  4569 | D:5      | Reached skill level 1 in Shields
  4815 | D:5      | Reached skill level 8 in Spellcasting
  4815 | D:5      | Reached XP level 9. HP: 47/55 MP: 0/0
  4815 | D:5      | Learned a level 3 spell: Confusing Touch
  4901 | D:5      | Noticed Blork the orc
  4910 | D:5      | Killed Blork the orc
  5094 | D:5      | Identified the +4 ring mail of the Peculiar Tables {Int+3}
  5113 | D:5      | Found a runed translucent door.
  5114 | D:5      | Noticed Crazy Yiuf
  5119 | D:5      | Killed Crazy Yiuf
  5458 | D:5      | Noticed Prince Ribbit
  5468 | D:5      | Killed Prince Ribbit
  5652 | D:6      | Noticed Edmund
  5662 | D:6      | Killed Edmund
  5663 | D:6      | Reached skill level 9 in Spellcasting
  5788 | D:6      | Noticed bmj180's ghost (amateur GnWn)
  5820 | D:6      | Noticed a hornet
  5859 | D:6      | Noticed a queen bee
  6022 | D:6      | Found a transporter.
  6026 | D:6      | Found a transporter.
  6132 | D:6      | Noticed a troll
  6145 | D:6      | Killed a troll
  6444 | D:6      | Found Axtimn's Antique Armour Boutique.
  6577 | D:6      | Noticed a troll
  6730 | D:7      | Reached XP level 10. HP: 50/60 MP: 0/0
  6805 | D:7      | Reached skill level 10 in Spellcasting
  6823 | D:7      | Found Minnorue's Lightly-Used Armoury.
  6833 | D:7      | Found a staircase to the Ecumenical Temple.
  6856 | Temple   | Entered the Ecumenical Temple
  6924 | Temple   | Became a worshipper of Ashenzari the Shackled
  7397 | D:7      | Noticed Maggie
  7404 | D:7      | Killed Maggie
  7411 | D:7      | HP: 2/61 [troll (1)]
  7415 | D:7      | Reached skill level 1 in Armour
  8404 | D:8      | Noticed Joseph
  8411 | D:8      | Killed Joseph
  8661 | D:8      | Killed from afar by an orc priest

Illustrated notes

Levels and vault maps discovered:
D:1:      shiori_shiawase, layout_basic, serial_shops, nicolae_shop_trees,
          roderic_lattice_a, minmay_pentomino_u2
D:2:      minmay_recursive_quarters, layout_basic, basic_altar, uniq_sigmund
D:3:      layout_rooms, mainiacjoe_overflow_paths,
          mainiacjoe_overflow_tiny_flanked, serial_shops, shop_statue,
          nrook_mini_backslash, uniq_jessica, uniq_grinder
D:4:      layout_cave_pools, vehumet_altar_wand_db, roderic_roman_lattice
D:5:      layout_rooms, mainiacjoe_overflow_alcove_2, uniq_prince_ribbit1,
          uniq_ijyb, uniq_duvessa, uniq_crazy_yiuf_cottage, uniq_blork_the_orc
D:6:      layout_rooms, gammafunk_ghost_hive, serial_shops, shop_fountains,
          nrook_campfire, skrybe_limestone_x, lightli_corner_chamber,
          uniq_edmund, uniq_eustachio
D:7:      layout_gridville, minmay_temple_entry_crystal_x, minmay_shop_damaged,
          dk_noncrumbling_4, chequers_mini_garden, minmay_quadrilaterals,
          uniq_maggie
D:8:      layout_gridville, mainiacjoe_overflow_concentric_impassable,
          special_room [special_room_orc], uniq_maurice, uniq_joseph
Temple:   minmay_temple_forest_path

Skill      XL: |  1  2  3  4  5  6  7  8  9 10 |
---------------+-------------------------------+-----
Spellcasting   | 3 4 5 6 8 9 10 | 10.9
Dodging        | 3 4 |  4.6
Shields        | 1 2 |  2.2
Armour         | 2 |  2.4
Fighting       | |  0.9
Long Blades    | |  0.7
Stealth        | |  1.6

Action                   |  1- 3 |  4- 6 |  7- 9 | 10-12 || total
-------------------------+-------+-------+-------+-------++-------
Melee: Falchion          |       |     1 |     9 |       ||    10
       Long sword        |       |       |       |     6 ||     6
 Cast: Foxfire           |    40 |    47 |   123 |    41 ||   251
       Scorch            |     9 |    12 |    46 |    36 ||   103
       Conjure Flame     |       |     1 |     1 |       ||     2
       Flame Wave        |       |       |     5 |     2 ||     7
       Mephitic Cloud    |       |       |     1 |       ||     1
  Use: Scroll            |     3 |     2 |     7 |     2 ||    14
       Potion            |       |       |       |     1 ||     1
Armor: Robe              |     3 |     2 |     8 |       ||    13
       Ring mail         |       |       |       |    16 ||    16
Dodge: Dodged            |     7 |     4 |    30 |    42 ||    83
Block: Other             |       |       |    12 |    16 ||    28
       Reflection        |       |       |     1 |       ||     1

Table legend: (Time is in decaauts)
 A = Elapsed time spent in this place.
 B = Non-inter-level travel time spent in this place.
 C = Inter-level travel time spent in this place.
 D = Time resting spent in this place.
 E = Time spent auto-exploring this place.
 F = Levels seen in this place.
 G = Mean time per level.
                   A        B        C        D        E       F      G
               +--------+--------+--------+--------+--------+-----+--------+
         Total |   8666 |   8370 |    296 |   1589 |   5736 |   9 |  962.9 |
       Dungeon |   8266 |   7994 |    272 |   1589 |   5381 |   8 | 1033.2 |
        Temple |    399 |    375 |     24 |      0 |    355 |   1 |  399.0 |
               +--------+--------+--------+--------+--------+-----+--------+

Top non-repeatable levels by time:
     D:2: 1325 daAuts
     D:1: 1230 daAuts
     D:5: 1214 daAuts
     D:7: 1162 daAuts
     D:6: 1136 daAuts
     D:4: 1134 daAuts
     D:3: 638 daAuts
     D:8: 424 daAuts
  Temple: 399 daAuts
